 Dungeon Crawl Stone Soup version 0.32-a0-481-g9ce6b883f8 (webtiles) character file.

Game seed: 17621971336180693418

204 GordonOverkill the Sneak (level 5, 0/28 HPs)
             Began as a Spriggan Delver on Feb 26, 2024.
             Slain by a rat (3 damage)
             ... on level 3 of the Dungeon.
             The game lasted 00:04:43 (2518 turns).

GordonOverkill the Sneak (Spriggan Delver)          Turns: 2518, Time: 00:04:44

Health: 0/28       AC:  2    Str:  8    XL:     5   Next: 52%
Magic:  10/10      EV: 17    Int: 14    God:
Gold:   166        SH:  0    Dex: 16    Spells: 10/10 levels left

rFire   . . .        a - +0 short sword
rCold   . . .        (no shield)
rNeg    . . .        b - +0 robe
rPois   .            (helmet restricted)
rElec   .            (no cloak)
rCorr   .            (gloves unavailable)
SInv    +            (boots unavailable)
Will    .....        e - amulet of regeneration
Stlth   ++           (no ring)
HPRegen 1.04/turn    (no ring)
MPRegen 0.12/turn

%: no passive effects
@: confused, very quick
A: very small, no large weapons, unfitting armour, see invisible, speed 3
a: no special abilities


You were on level 3 of the Dungeon.
You visited 1 branch of the dungeon, and saw 6 of its levels.

You collected 166 gold pieces.

Inventory:

Hand Weapons
 a - a +0 short sword (weapon)
 v - a +0 rapier
Armour
 b - a +0 robe (worn)
Magical Staves
 t - a staff of fire
Jewellery
 e - an amulet of regeneration (around neck)
Wands
 g - a wand of digging (3)
 r - a wand of charming (6)
Scrolls
 c - 2 scrolls of fog
 d - 2 scrolls of revelation
 h - 2 scrolls of teleportation {unknown}
 i - 2 scrolls of fear
 j - 3 scrolls of identify {unknown}
 k - a scroll of enchant weapon {unknown}
 m - a scroll of brand weapon {unknown}
 q - a scroll of blinking {unknown}
Potions
 f - a potion of haste
 l - a potion of invisibility {unknown}
 n - a potion of curing {unknown}
 o - a potion of brilliance {unknown}
 p - a potion of enlightenment {unknown}
 s - a potion of might {unknown}
 u - a potion of lignification {unknown}
 w - a potion of mutation {unknown}


   Skills:
 + Level 3.1 Fighting
 - Level 2.1 Short Blades
 - Level 2.6 Dodging
 - Level 7.2 Stealth
 - Level 3.0 Spellcasting
 - Level 3.0 Conjurations


You had 10 spell levels left.
You didn't know any spells.
Your spell library was empty.

Dungeon Overview and Level Annotations

Branches:
Dungeon (6/15)
 Temple: D:4-7

Altars:

Annotations:
D:2 1 runed translucent door, Crazy Yiuf
D:3 2 runed translucent doors, Sigmund


Innate Abilities, Weirdness & Mutations

You are very small and have problems with some larger weapons.
You are too small for most types of armour.
You have supernaturally acute eyesight. (SInv)
You cover ground extremely quickly. (Speed+++)


Message History

There is an open door here.
A kobold is nearby!
There is an open door here.
You hit the kobold but do no damage. The kobold barely misses you.
You hit the kobold but do no damage. The kobold completely misses you.
You hit the kobold but do no damage. The kobold hits you but does no damage.
The rat closely misses you.
You hit the kobold.
You kill the kobold!
You hit the rat.
You kill the rat!
No target in view!
No target in view!
No target in view!
You see here a rat corpse.
There is an open door here.
A rat is nearby!
A rat is nearby!
A rat is nearby!
A rat is nearby!
Found 8 stones.
Sigmund the Dreaded comes into view.
He is wielding a +0 scythe.
Sigmund shouts!
The rat squeaks loudly.
The gnoll shouts!
Sigmund points at you and mumbles some strange words.
You are confused.
The gnoll hits you from afar with a +0 spear!
You are too injured to fight recklessly!
You are too injured to fight recklessly!
You're too confused to move!
The gnoll misses you.
The gnoll hits you from afar with a +0 spear!
* * * LOW HITPOINT WARNING * * *
Sigmund gestures at you while chanting.
You easily resist.
You bump into the rock wall.
The rat bites you.
* * * LOW HITPOINT WARNING * * *
Sigmund hits you from afar with a +0 scythe!
* * * LOW HITPOINT WARNING * * *
The gnoll closely misses you. The rat attacks as it pursues you!
The rat bites you.
You die...

.........#.#.?.'.......'..
#######.#..# ##.......#
#...'..# #...†#....#
#.###..# #..##'##..# #.#
#)†# #.## ..# .# #.#
##.####'#######+## ..#
#................ ###
#.#.####.........
#......@......(..
#..#####r........
##...##..........
+.#.##g@........
.+.#.##..##.##... ###.#
###.# ..# ## #.. #.. ....
### #.# .... #.# #.##


You could see Sigmund and a rat.

Vanquished Creatures
  A bombardier beetle (D:3)
  Terence (D:2)
  Natasha (D:3)
  3 adders (D:2)
  2 ribbon worms
  4 dart slugs
  4 ball pythons
  8 bats
  4 endoplasms
  2 giant cockroaches (D:1)
  7 hobgoblins
  11 kobolds
  10 quokkas
  3 frilled lizards
  7 goblins
  10 rats
78 creatures vanquished.

Notes
Turn   | Place    | Note
-------+----------+-------------------------------------------
     0 | D:5      | GordonOverkill the Spriggan Delver began the quest for the
                  | Orb.
     0 | D:5      | Reached XP level 1. HP: 11/11 MP: 2/2
   167 | D:3      | Noticed a bombardier beetle
   169 | D:3      | Killed a bombardier beetle
   170 | D:3      | Reached XP level 2. HP: 16/16 MP: 2/6
   170 | D:3      | Reached XP level 3. HP: 20/20 MP: 2/7
   550 | D:1      | Reached skill level 1 in Conjurations
   598 | D:1      | Reached XP level 4. HP: 24/24 MP: 9/9
   690 | D:1      | Found a faded altar of an unknown god.
   690 | D:1      | Noticed a cacodemon
  1453 | D:2      | Found a runed translucent door.
  1454 | D:2      | Noticed Crazy Yiuf
  1703 | D:2      | Noticed Terence
  1706 | D:2      | Killed Terence
  1707 | D:2      | Reached XP level 5. HP: 28/28 MP: 10/10
  2246 | D:3      | Noticed Natasha
  2250 | D:3      | Killed Natasha
  2453 | D:3      | Found a large runed translucent door.
  2453 | D:3      | Found a large runed translucent door.
  2512 | D:3      | Noticed Sigmund
  2518 | D:3      | Slain by a rat

Illustrated notes

Levels and vault maps discovered:
D:1:      shiori_arrival_oz, layout_loops_ring,
          dreamdust_ecumenical_altar_sealed_demon
D:2:      minmay_evil_eye, layout_basic, minmay_tetromino_l4, uniq_terence,
          uniq_crazy_yiuf_cottage
D:3:      due_chaos_kobolds, layout_basic, hangedman_decor_clover_reticule,
          minmay_pentangle, uniq_natasha, uniq_sigmund, uniq_ijyb
D:4:      layout_rooms, nicolae_uskayaw_murder_on_the_dancefloor,
          dreamdust_princess_bridge
D:5:      gammafunk_cloud_chamber, layout_loops_corners,
          minmay_temple_entry_poolview, serial_bayou_pond_b,
          minmay_misc_feat_pillars
D:6:      layout_rooms, mainiacjoe_overflow_brackets

Skill      XL: |  1  2  3  4  5 |
---------------+----------------+-----
Fighting       | 3 |  3.1
Spellcasting   | 2 3 |  3.0
Conjurations   | 1 2 3 |  3.0
Short Blades   | |  2.1
Dodging        | |  2.6
Stealth        | |  7.2

Action                     |  1- 3 |  4- 6 || total
---------------------------+-------+-------++-------
  Melee: Short sword       |    67 |   212 ||   279
   Stab: Sleeping          |    13 |    17 ||    30
 Armour: Robe              |    19 |    69 ||    88
  Dodge: Dodged            |    32 |   137 ||   169

Table legend: (Time is in decaauts)
 A = Elapsed time spent in this place.
 B = Non-inter-level travel time spent in this place.
 C = Inter-level travel time spent in this place.
 D = Time resting spent in this place.
 E = Time spent auto-exploring this place.
 F = Levels seen in this place.
 G = Mean time per level.
                   A        B        C        D        E       F      G
               +--------+--------+--------+--------+--------+-----+--------+
         Total |   1676 |   1584 |     92 |     90 |    832 |   6 |  279.3 |
       Dungeon |   1676 |   1584 |     92 |     90 |    832 |   6 |  279.3 |
               +--------+--------+--------+--------+--------+-----+--------+

Top non-repeatable levels by time:
     D:2: 807 daAuts
     D:1: 484 daAuts
     D:3: 309 daAuts
     D:4: 56 daAuts
     D:5: 17 daAuts
     D:6: 1 daAuts
